 Dungeon Crawl Stone Soup version 0.31-a0-222-gefeffbb62a (webtiles) character file.

Game seed: 15910720212867879579

2 drugrobin the Sneak (level 1, -1/18 HPs)
             Began as a Demigod Delver on July 5, 2023.
             Slain by a goblin
             ... wielding a +0 dagger
              (3 damage)
             ... on level 4 of the Dungeon.
             The game lasted 00:02:19 (255 turns).

drugrobin the Sneak (Demigod Delver)                 Turns: 255, Time: 00:02:20

Health: -1/18      AC:  3    Str: 13    XL:     1   Next: 26%
Magic:  3/3        EV: 11    Int: 12    God:
Gold:   35         SH:  0    Dex: 15    Spells: 0/0 levels left

rFire   . . .        a - +0 spear
rCold   . . .        (no shield)
rNeg    . . .        b - +0 leather armour
rPois   .            (no helmet)
rElec   .            (no cloak)
rCorr   .            (no gloves)
SInv    .            (no boots)
Will    .....        (no amulet)
Stlth   +++          (no ring)
HPRegen 0.23/turn    (no ring)
MPRegen 0.08/turn

%: no passive effects
@: hasted, very quick
A: high MP 1, forlorn, divine attributes
a: no special abilities


You were on level 4 of the Dungeon.
You visited 1 branch of the dungeon, and saw 2 of its levels.

You collected 35 gold pieces.

Inventory:

Hand Weapons
 a - a +0 spear (weapon)
Armour
 b - a +0 leather armour (worn)
Wands
 g - a wand of digging (2)
Scrolls
 c - a scroll of fog
 i - a scroll of teleportation {unknown}
Potions
 h - a potion of heal wounds {unknown}


   Skills:
 - Level 2.6 Fighting
 + Level 2.0 Polearms
 - Level 1.7 Dodging
 - Level 4.5 Stealth


You couldn't memorise any spells.
You didn't know any spells.
Your spell library was empty.

Dungeon Overview and Level Annotations

Branches:
Dungeon (5/15)
 Temple: D:4-7

Shops:
D:4 [

Annotations:
D:5 exclusion: 2 iguanas


Innate Abilities, Weirdness & Mutations

You have an increased reservoir of magic. (+10% MP)
You shall have no god before yourself.
Your divine heritage dramatically boosts your attributes as you level up.


Message History

You feel aware of your surroundings. The gnoll barely misses you.
Unknown command.
Unknown command.
Unknown command.
Unknown command.
Unknown command.
Unknown command.
Unknown command.
The goblin closely misses you.
Unknown command.
Unknown command.
The goblin closely misses you.
You see here a +0 war axe.
The goblin attacks as you move away! The goblin hits you with a +0 dagger.
Found a leather armour.
Found a scroll labelled FASHRU OMUE.
As you open the door, it creaks loudly!
A sleepcap comes into view.
The goblin completely misses you.
The gnoll hits you from afar with a +0 halberd!
Unknown command.
The goblin attacks as you move away! The goblin hits you but does no damage.
You see here a +0 leather armour.
The gnoll hits you from afar with a +0 halberd!
* * * LOW HITPOINT WARNING * * *
The goblin hits you but does no damage.
Unknown command.
Unknown command.
You see here a scroll labelled FASHRU OMUE.
The goblin attacks as you move away! The goblin closely misses you.
The goblin attacks as you move away! The goblin hits you but does no damage.
The goblin attacks as you move away! The goblin closely misses you.
The goblin attacks as you move away! The goblin closely misses you.
The goblin attacks as you move away! The goblin hits you with a +0 dagger.
* * * LOW HITPOINT WARNING * * *
Unknown command.
Unknown command.
Okay, then.
You feel yourself speed up. The goblin hits you with a +0 dagger.
You die...

,,,,,,,,*,,,,,,,** *,**,*,,
,,,,,,,,+,,,,,,,,*********,**,,,,
,,,,,,,,#..,,,,,,,,,,,,,,,,,,,,,,
*,,>,,,,#..,,,,,*#####****,,,,,,,
*,,,,,,,+..,,,,,+....###**###,,,*
****,***#..,,,,,*.......,,,...,,,
*,,* #..##****.......,,,,#..,*
*#.####..#####.......,,..#..o#
#.......fg.g@.......,,.?...K.
****#######f#####.......,<..#####
,,,,.........# *.......,,,,*
,,,,.........# *.......,,,,*
,,,,.........# *.......,,,,*
,,,,..######f# *###.###*****
,,,,.,* ##f######*.# #####
,****** #..g[f..#*,# #.... ,*
#.......##.## #####....


You could see 2 sleepcaps, a gnoll and a goblin.

Vanquished Creatures
  A goblin (D:4)
  A quokka (D:5)
2 creatures vanquished.

Notes
Turn   | Place    | Note
-------+----------+-------------------------------------------
     0 | D:5      | drugrobin the Demigod Delver began the quest for the Orb.
     0 | D:5      | Reached XP level 1. HP: 18/18 MP: 3/3
    25 | D:5      | Noticed an iguana
   107 | D:4      | Noticed an orc wizard
   142 | D:5      | Noticed an iguana
   179 | D:5      | Noticed an orc priest
   204 | D:4      | Noticed a sleepcap
   224 | D:4      | Found Jirokir's Antique Armour Emporium.
   239 | D:4      | Noticed a sleepcap
   255 | D:4      | Slain by a goblin

Illustrated notes

Levels and vault maps discovered:
D:4:      layout_basic, serial_shops, shop, minmay_misc_feat_nine_boxes
D:5:      layout_basic

Skill      XL: |  1 |
---------------+----+-----
Polearms       | 2 |  2.0
Fighting       | |  2.6
Dodging        | |  1.7
Stealth        | |  4.5

Action                     || total
---------------------------++-------
  Melee: Spear             ||     5
  Evoke: Wand              ||     1
    Use: Scroll            ||     2
         Potion            ||     1
 Armour: Leather armour    ||     8
  Dodge: Dodged            ||    13

Table legend: (Time is in decaauts)
 A = Elapsed time spent in this place.
 B = Non-inter-level travel time spent in this place.
 C = Inter-level travel time spent in this place.
 D = Time resting spent in this place.
 E = Time spent auto-exploring this place.
 F = Levels seen in this place.
 G = Mean time per level.
                   A        B        C        D        E       F      G
               +--------+--------+--------+--------+--------+-----+--------+
         Total |    255 |    255 |      0 |      6 |     31 |   2 |  127.5 |
       Dungeon |    255 |    255 |      0 |      6 |     31 |   2 |  127.5 |
               +--------+--------+--------+--------+--------+-----+--------+

Top non-repeatable levels by time:
     D:5: 138 daAuts
     D:4: 116 daAuts
